 Dungeon Crawl Stone Soup version 0.24-a0-226-gca05e9d (webtiles) character file.

Game seed: 12194980471746590568

702 mopl the Spear-Bearer (level 7, -1/52 HPs)
             Began as a Merfolk Abyssal Knight on Mar 31, 2019.
             Was a Priest of Lugonu.
             Slain by a hound (5 damage)
             ... on level 4 of the Dungeon.
             The game lasted 00:06:47 (3804 turns).

mopl the Spear-Bearer (Merfolk Abyssal Knight)      Turns: 3804, Time: 00:06:48

Health: -1/52      AC:  6    Str: 14    XL:     7   Next: 66%
Magic:  7/11       EV: 11    Int: 11    God:    Lugonu [***...]
Gold:   66         SH:  0    Dex: 14    Spells: 6/6 levels left

rFire    + . .     SeeInvis .   a - +1 spear
rCold    . . .     Gourm    .   (no shield)
rNeg     . . .     Faith    +   g - +0 ring mail
rPois    .         Spirit   .   (no helmet)
rElec    .         Reflect  .   (no cloak)
rCorr    .         Harm     .   (no gloves)
MR       .....                  q - +0 pair of boots
Stlth    ..........             f - amulet of faith {!P}
HPRegen  0.17/turn              l - ring of attention (curse)
MPRegen  0.12/turn              t - ring of protection from fire (curse)

@: no status effects
A: change form in water, swift swim, stealthy swim
a: Depart the Abyss, Bend Space, Banish, Renounce Religion


You were on level 4 of the Dungeon.
You worshipped Lugonu.
Lugonu was most pleased with you.
You were hungry.

You visited 1 branch of the dungeon, and saw 4 of its levels.
You visited the Abyss 1 time.
You also visited: Sewer.

You collected 66 gold pieces.

Inventory:

Hand Weapons
 a - a +1 spear (weapon)
 i - a +2 hunting sling of velocity
 w - a +0 hunting sling
Missiles
 h - 2 poisoned needles
 j - 126 stones (quivered)
 o - 24 sling bullets
Armour
 b - a +0 leather armour
 g - a +0 ring mail (worn)
 q - a +0 pair of boots (worn)
Jewellery
 f - an amulet of faith (around neck) {!P}
 l - a cursed ring of attention (left hand)
 t - a cursed ring of protection from fire (right hand)
 u - an uncursed ring of wizardry {unknown}
Scrolls
 e - a scroll of remove curse {unknown}
 m - 3 scrolls of fog {unknown}
 n - 8 scrolls of identify {unknown}
 p - 3 scrolls of teleportation {unknown}
 s - a scroll of blinking {unknown}
Potions
 d - 2 potions of magic
 k - a potion of flight {unknown}
 r - a potion of cancellation {unknown}
 x - a potion of heal wounds {unknown}
Comestibles
 c - 4 rations


   Skills:
 - Level 3.2 Fighting
 + Level 8.8 Polearms
 - Level 0.6 Armour
 - Level 2.6 Dodging
 + Level 6.5 Invocations


You had 6 spell levels left.
You didn't know any spells.
Your spell library was empty.

Dungeon Overview and Level Annotations

Branches:
Dungeon (4/15)
 Temple: D:4-7

Altars:
The Shining One


Message History

You are feeling hungry.
The quokka skeleton closely misses you.
Unknown command.
You barely miss the quokka skeleton. You hit the quokka skeleton.
The quokka skeleton is moderately damaged.
The quokka skeleton barely misses you.
You hit the quokka skeleton.
The quokka skeleton is heavily damaged.
The quokka skeleton bites you but does no damage.
You hit the quokka skeleton.
You destroy the quokka skeleton!
Lugonu accepts your kill.
You hit the hound.
The hound is moderately wounded.
The hound barely misses you.
You closely miss the hound.
The hound is moderately wounded.
The hound bites you.
You die...

### ##.### ###
########....##..##
###.................
###..................
##......###o.s.....#
##.......# ###8§o§8##
##.....#### ###h###
#......# #@§§#
#...#### #._.# #..##
#...# #)## ##### ..#
#.....# #.....#
###.### ..#


You could see a hound and an orc.

Vanquished Creatures
  An ogre (D:4)
  6 big kobolds (Sewer)
  11 adders
  4 oozes
  6 worms
  2 leopard geckos
  2 ball pythons (Sewer)
  5 bats
  A giant cockroach (D:3)
  9 goblins
  9 hobgoblins
  3 jackals
  2 quokkas (D:3)
  6 frilled lizards
  10 kobolds
  A quokka skeleton (D:4)
  8 rats
86 creatures vanquished.

Vanquished Creatures (others)
  A centaur skeleton (D:4)
1 creature vanquished.

Grand Total: 87 creatures vanquished

Notes
Turn   | Place    | Note
-------+----------+-------------------------------------------
     0 | Abyss:1  | mopl the Merfolk Abyssal Knight began the quest for the
                  | Orb.
     0 | Abyss:1  | Reached XP level 1. HP: 18/18 MP: 2/2
    46 | Abyss:1  | Noticed a sky beast
    46 | Abyss:1  | Noticed a thrashing horror
    46 | Abyss:1  | Noticed a vampire
    50 | D:1      | Escaped the Abyss
   245 | D:1      | Reached * piety under Lugonu
   245 | D:1      | Reached XP level 2. HP: 7/24 MP: 3/3
   601 | D:1      | You fall through a shaft!
   607 | D:2      | Reached skill level 4 in Polearms
   672 | D:1      | Reached XP level 3. HP: 27/29 MP: 5/5
   773 | D:1      | Reached skill level 3 in Invocations
  1729 | D:2      | Reached XP level 4. HP: 24/35 MP: 6/6
  1902 | D:2      | Reached skill level 5 in Polearms
  2275 | D:3      | Reached ** piety under Lugonu
  2425 | D:3      | Found a glowing drain.
  2433 | D:3      | Reached skill level 4 in Invocations
  2433 | D:3      | Reached XP level 5. HP: 33/41 MP: 6/8
  2450 | Sewer    | Entered a sewer
  2472 | Sewer    | Noticed a big kobold
  2472 | Sewer    | Noticed a big kobold
  2494 | Sewer    | Killed a big kobold
  2494 | Sewer    | Reached skill level 6 in Polearms
  2507 | Sewer    | Killed a big kobold
  2507 | Sewer    | Reached XP level 6. HP: 26/47 MP: 9/9
  2724 | Sewer    | Reached skill level 5 in Invocations
  2797 | Sewer    | Reached skill level 7 in Polearms
  3251 | Sewer    | Reached XP level 7. HP: 44/52 MP: 11/11
  3287 | Sewer    | Reached skill level 8 in Polearms
  3304 | Sewer    | Reached skill level 6 in Invocations
  3378 | Sewer    | Reached *** piety under Lugonu
  3790 | D:4      | HP: 2/52 [quokka skeleton (1)]
  3793 | D:4      | Found a glowing golden altar of the Shining One.
  3804 | D:4      | Slain by a hound

Levels and vault maps discovered:
D:1:      dpeg_arrival_solitude, layout_basic, st_stairs_8,
          minmay_misc_feat_four_crosses
D:2:      layout_loops_ring
D:3:      layout_basic, portal_sewer_entry_d
D:4:      layout_rooms, nicolae_tso_carved_into_rock, chei_slow_surprise
Abyss:1
Sewer:    sewer_co_tree

Skill      XL: |  1  2  3  4  5  6  7 |
---------------+----------------------+-----
Polearms       | 4 5 6 7 8 |  8.8
Invocations    | 3 4 5 6 |  6.5
Fighting       | |  3.2
Armour         | |  0.6
Dodging        | |  2.6

Action                   |  1- 3 |  4- 6 |  7- 9 || total
-------------------------+-------+-------+-------++-------
Melee: Spear             |   155 |   224 |   100 ||   479
       Tailslap          |       |    10 |     5 ||    15
 Fire: Hunting sling     |       |     2 |     3 ||     5
Invok: Depart the Abyss  |     1 |       |       ||     1
       Banish            |       |       |     1 ||     1
  Use: Potion            |       |       |     1 ||     1
 Stab: Sleeping          |     1 |       |       ||     1
  Eat: Chunk             |     2 |     6 |     1 ||     9
Armor: Leather armour    |     9 |       |       ||     9
       Ring mail         |    19 |    45 |    21 ||    85
Dodge: Dodged            |    72 |    93 |    37 ||   202

Table legend:
 A = Non-vault XP
 B = Vault XP
 C = Vault XP percentage of total XP
 D = Non-vault monster count
 E = Vault monster count
 F = Vault count percentage of total count
                 A         B        C        D         E       F
            +---------+---------+-------+---------+---------+-------
      Total |     314 |     689 |  68.7 |      56 |      31 |  35.6
            +---------+---------+-------+---------+---------+-------
        D:1 |      45 |       3 |   6.2 |      22 |       2 |   8.3
        D:2 |      61 |       0 |   0.0 |      14 |       0 |   0.0
        D:3 |      66 |      13 |  16.5 |      17 |       1 |   5.6
        D:4 |     142 |       0 |   0.0 |       3 |       0 |   0.0
      Sewer |       0 |     673 | 100.0 |       0 |      28 | 100.0
            +---------+---------+-------+---------+---------+-------
